 Dungeon Crawl Stone Soup version 0.29-a0-648-g6b26cc9 (webtiles) character file.

Game seed: 8849486071664251258

10606 Illumine the Destroyer (level 11, 0/67 HPs)
             Began as a Tengu Conjurer on June 18, 2022.
             Was an Elder of Vehumet.
             Slain by a four-headed hydra (3 damage)
             ... on level 2 of the Lair of Beasts on June 20, 2022.
             The game lasted 00:42:07 (17090 turns).

Illumine the Destroyer (Tengu Conjurer)            Turns: 17090, Time: 00:42:09

Health: 0/67       AC:  7    Str:  9    XL:     11   Next: 64%
Magic:  7/23       EV: 20    Int: 22    God:    Vehumet [****..]
Gold:   796        SH:  0    Dex: 16    Spells: 9/24 levels left

rFire   + . .      SeeInvis .   p - +9 mace of the Revolution {flame, rF+ Dex+4}
rCold   . . .      Faith    +   (no shield)
rNeg    . . .      Spirit   .   a - +0 robe
rPois   .          Reflect  .   (helmet restricted)
rElec   .          Harm     .   l - scarf {+Inv}
rCorr   +          Rampage  .   t - +0 pair of gloves
Will    .....                   (boots unavailable)
Stlth   ++........              E - amulet of faith
HPRegen 0.21/turn               s - ring of resist corrosion
MPRegen 0.18/turn               I - +4 ring of protection

@: flying quickly and evasively, very slightly contaminated, studying Throwing,
quick
A: beak, talons 3, nimble flight
a: Renounce Religion, Evoke Invisibility


You were on level 2 of the Lair of Beasts.
You worshipped Vehumet.
Vehumet was greatly pleased with you.
You visited 3 branches of the dungeon, and saw 13 of its levels.

You collected 796 gold pieces.

Inventory:

Hand Weapons
 p - the +9 mace of the Revolution (weapon) {flame, rF+ Dex+4}
   (You found it on level 6 of the Dungeon)

   It burns those it strikes, dealing additional fire damage.
   Dex:       It affects your dexterity (+4).
   rF:        It protects you from fire.
 G - a +1 scimitar of flaming
Missiles
 n - a throwing net
Armour
 a - a +0 robe (worn)
 l - a scarf of invisibility (worn)
 t - a +0 pair of gloves (worn)
Magical Staves
 D - a staff of earth
Jewellery
 s - a ring of resist corrosion (left hand)
 u - a ring of ice
 E - an amulet of faith (around neck)
 I - a +4 ring of protection (right hand)
 L - a +4 ring of slaying
Wands
 c - a wand of flame (18)
 j - a wand of paralysis (3)
 y - a wand of digging (4)
 C - a wand of iceblast (5)
 H - a wand of polymorph (6)
Scrolls
 f - a scroll of poison
 g - a scroll of enchant armour
 h - a scroll of teleportation
 i - 3 scrolls of vulnerability
 q - 2 scrolls of fear {unknown}
 w - a scroll of immolation {unknown}
 z - a scroll of fog {unknown}
 A - a scroll of silence {unknown}
 B - a scroll of brand weapon {unknown}
 F - a scroll of enchant weapon {unknown}
 J - 2 scrolls of amnesia {unknown}
 K - a scroll of magic mapping {unknown}
Potions
 b - 4 potions of magic
 d - a potion of might
 e - 2 potions of haste
 k - 2 potions of attraction
 m - 3 potions of cancellation
 o - 3 potions of curing
 r - a potion of heal wounds
 v - a potion of flight {unknown}
 x - a potion of invisibility


   Skills:
 + Level 7.2 Fighting
 + Level 3.5 Maces & Flails
 + Level 8.8 Dodging
 - Level 2.0 Stealth
 + Level 7.4 Spellcasting
 + Level 11.4 Conjurations
 - Level 4.0 Hexes
 - Level 4.0 Translocations
 - Level 2.0 Fire Magic
 + Level 4.4 Evocations


You had 9 spell levels left.
You knew the following spells:

 Your Spells              Type           Power      Damage    Failure   Level
a - Magic Dart            Conj           100%       1d8       1%          1
b - Searing Ray           Conj           100%       2d8       1%          2
c - Fulminant Prism       Conj/Hex       21%        3d13      1%          4
d - Iskenderun's Mystic   Conj/Tloc      42%        2d10      1%          4
e - Foxfire               Conj/Fire      100%       2x1d9     1%          1
f - Conjure Flame         Conj/Fire      37%        6-21      1%          3

Your spell library contained the following spells:

 Spells                   Type           Power      Damage    Failure   Level
 Slow                     Hex            100%       N/A       1%          1
 Dazzling Flash           Conj/Hex       84%        N/A       1%          3
 Poisonous Vapours        Pois/Air       16%        N/A       3%          2
 Confusing Touch          Hex            25%        N/A       4%          3
 Ensorcelled Hibernation  Hex/Ice        32%        N/A       5%          2
 Passwall                 Tmut/Erth      6%         N/A       12%         2
 Swiftness                Air            8%         N/A       24%         3
 Vampiric Draining        Necr           8%         2d6       24%         3
 Corpse Rot               Necr/Pois/Air  8%         N/A       61%         4


Dungeon Overview and Level Annotations

Branches:
Dungeon (10/15)            Temple (1/1) D:5            Lair (2/6) D:10
 Spider (0/4) Lair:2          Orc (0/2) D:9
  Swamp: Lair:2-4    Shoals: Lair:2-4

Altars:
Dithmenos
Elyvilon
Gozag
Hepliaklqana
Kikubaaqudgha
Makhleb
Nemelex Xobeh
Okawaru
Qazlal
Sif Muna
Trog
Uskayaw
Vehumet
Wu Jian
Xom
Yredelemnul
Zin

Shops:
D:1 [   D:9 (

Annotations:
D:9 Gastronok
Lair:1 Urug


Innate Abilities, Weirdness & Mutations

You have a beak for a mouth.
You have claws for feet.
Your magical nature lets you fly swiftly and evasively.


Message History

There is a stone staircase leading up, spattered with blood here.
Casting: Searing Ray (safe; 1% risk of failure)
Confirm with . or Enter, or press ? or * to list all spells.
You erupt in a blast of force!
The mystic blast hits the four-headed hydra.
The four-headed hydra is lightly wounded.
The four-headed hydra is knocked back by the mystic blast.
Unknown command.
Unknown command.
Casting: Iskenderun's Mystic Blast (dangerous; 1% risk of failure)
Confirm with . or Enter, or press ? or * to list all spells.
You erupt in a blast of force!
The mystic blast hits the four-headed hydra!
The four-headed hydra is lightly wounded.
The four-headed hydra bites you! The four-headed hydra misses you.
The four-headed hydra bites you but does no damage.
The four-headed hydra bites you!
* * * LOW HITPOINT WARNING * * *
Casting: Iskenderun's Mystic Blast (dangerous; 1% risk of failure)
Confirm with . or Enter, or press ? or * to list all spells.
You miscast Iskenderun's Mystic Blast.
You are very lightly contaminated with residual magic.
Nothing appears to happen.
The four-headed hydra barely misses you.
The four-headed hydra completely misses you.
The four-headed hydra misses you.
The four-headed hydra barely misses you.
Casting: Iskenderun's Mystic Blast (dangerous; 1% risk of failure)
Confirm with . or Enter, or press ? or * to list all spells.
You erupt in a blast of force!
The mystic blast hits the blink frog!
The blink frog is moderately wounded.
The blink frog is knocked back by the mystic blast.
The mystic blast hits the four-headed hydra!
The four-headed hydra is moderately wounded.
The four-headed hydra bites you!
* * * LOW HITPOINT WARNING * * *
The four-headed hydra bites you.
* * * LOW HITPOINT WARNING * * *
The four-headed hydra bites you.
You die...

.#..PP.......#............#
... #..#........##...#.......#
l...#..##.......##.....###.#.#
....#..P#..##.###....#.####...
#.#.....###.##.###............
..............................
..............................
..............................
.............@D...............
.#............................
#......####.F.......#.######.#
....... #†####.....########.
..>.... #.# ....#.........
.##..*. ... ....##.......#
#.... #... ....##........
#S... #.### ....#.......# ..
#.......#


You could see a four-headed hydra and a blink frog.

Vanquished Creatures
  A hydra (Lair:1)
  2 two-headed ogres (D:9)
  Erica (D:8)
  Pikel (D:8)
  A black mamba (Lair:2)
  2 hornets
  2 blink frogs (Lair:2)
  A shadow (D:10)
  Sigmund (D:4)
  4 yaks (Lair:1)
  A wyvern (D:10)
  2 wraiths
  2 basilisks
  A redback (Lair:2)
  Menkaure (D:7)
  An acid dragon (D:9)
  A warg (D:8)
  4 water moccasins
  2 sky beasts
  Duvessa (D:7)
  3 orc warriors
  4 ice beasts
  3 black bears
  2 centaurs
  An ogre (D:4)
  A lemure (D:8)
  2 phantoms (D:5)
  5 kobold brigands
  3 bullfrogs
  2 gnoll sergeants
  A scorpion (D:7)
  A necrophage (D:6)
  7 wights (D:6)
  Dowan (D:7)
  2 killer bees
  5 electric eels (D:6)
  A jelly (D:6)
  5 hounds
  9 orc priests
  4 iguanas
  6 orc wizards
  17 gnolls
  9 adders
  2 shadow imps
  2 white imps (D:6)
  A worm (D:3)
  2 dart slugs
  36 orcs
  4 ball pythons
  8 endoplasms
  3 giant cockroaches
  36 goblins
  24 hobgoblins
  8 jackals
  4 quokkas
  3 bats
  4 frilled lizards
  37 kobolds
  10 rats
  A spectral orc (D:5)
311 creatures vanquished.

Vanquished Creatures (others)
  3 foxfires
  79 fulminant prisms
  4 fungi
  13 plants
99 creatures vanquished.

Grand Total: 410 creatures vanquished

Notes
Turn   | Place    | Note
-------+----------+-------------------------------------------
     0 | D:1      | Illumine the Tengu Conjurer began the quest for the Orb.
     0 | D:1      | Reached XP level 1. HP: 10/10 MP: 4/4
   237 | D:1      | Reached XP level 2. HP: 15/15 MP: 3/6
   419 | D:1      | Found Qohaeb's Armour Emporium.
   692 | D:2      | Learned a level 2 spell: Searing Ray
  1255 | D:1      | Reached XP level 3. HP: 19/19 MP: 5/7
  1814 | D:2      | Reached skill level 6 in Conjurations
  1865 | D:2      | Reached XP level 4. HP: 24/24 MP: 2/9
  2899 | D:3      | Found a faded altar of an unknown god.
  2976 | D:3      | Gained mutation: Your magical nature lets you fly swiftly
                  | and evasively. [Tengu growth]
  2976 | D:3      | Reached XP level 5. HP: 28/28 MP: 5/10
  2986 | D:3      | Learned a level 4 spell: Fulminant Prism
  4178 | D:3      | Reached skill level 1 in Fighting
  4178 | D:3      | Reached XP level 6. HP: 34/34 MP: 6/12
  4328 | D:4      | Upgraded the game from 0.29-a0-615-gdeedd76 to
                  | 0.29-a0-639-g29a8cde
  4329 | D:4      | Noticed Sigmund
  4340 | D:5      | Entered Level 5 of the Dungeon
  4340 | D:5      | Noticed an ice beast
  4351 | D:4      | Killed Sigmund
  4352 | D:4      | Reached skill level 7 in Conjurations
  4352 | D:4      | Reached skill level 1 in Hexes
  4508 | D:4      | Upgraded the game from 0.29-a0-639-g29a8cde to
                  | 0.29-a0-648-g6b26cc9
  4639 | D:4      | Learned a level 4 spell: Iskenderun's Mystic Blast
  4936 | D:4      | Reached XP level 7. HP: 40/40 MP: 4/13
  5327 | D:5      | Found a staircase to the Ecumenical Temple.
  5342 | Temple   | Entered the Ecumenical Temple
  5362 | Temple   | Became a worshipper of Vehumet
  5756 | D:5      | Reached skill level 1 in Translocations
  6170 | D:5      | Reached skill level 5 in Dodging
  6170 | D:5      | Reached XP level 8. HP: 25/45 MP: 1/15
  6339 | D:5      | Found a hazy altar of Hepliaklqana.
  7240 | D:5      | Reached skill level 8 in Conjurations
  7445 | D:6      | Identified the +9 mace of the Revolution {flame, rF+ Dex+4}
  7582 | D:6      | Reached * piety under Vehumet
  7582 | D:6      | Offered knowledge of Foxfire by Vehumet.
  7692 | D:6      | Learned a level 1 spell: Foxfire
  7878 | D:6      | Reached skill level 1 in Fire Magic
  8019 | D:6      | Reached XP level 9. HP: 52/52 MP: 10/17
  8996 | D:6      | Reached skill level 5 in Spellcasting
  9468 | D:6      | Reached ** piety under Vehumet
  9468 | D:6      | Offered knowledge of Freeze by Vehumet.
 10013 | D:6      | Offered knowledge of Stone Arrow by Vehumet.
 10356 | D:7      | Reached skill level 9 in Conjurations
 10426 | D:7      | Reached *** piety under Vehumet
 10649 | D:7      | Noticed Menkaure
 10662 | D:7      | Killed Menkaure
 10713 | D:7      | Noticed Duvessa
 10736 | D:7      | Noticed Dowan
 10738 | D:7      | Killed Duvessa
 10739 | D:7      | Reached skill level 1 in Maces & Flails
 10762 | D:8      | Reached skill level 1 in Evocations
 10898 | D:7      | Killed Dowan
 11108 | D:7      | Reached XP level 10. HP: 58/58 MP: 14/19
 11193 | D:7      | Reached skill level 5 in Fighting
 11966 | D:8      | Noticed Erica
 11990 | D:8      | HP: 1/59 [something (4)]
 12346 | D:8      | Noticed Pikel
 12362 | D:8      | Killed Pikel
 12838 | D:8      | Offered knowledge of Inner Flame by Vehumet.
 13042 | D:8      | Killed Erica
 13494 | D:9      | Reached skill level 10 in Conjurations
 13494 | D:9      | Noticed a two-headed ogre
 13543 | D:9      | Killed a two-headed ogre
 14034 | D:9      | Reached **** piety under Vehumet
 14035 | D:9      | Noticed a two-headed ogre
 14056 | D:9      | Noticed Gastronok
 14143 | D:9      | Offered knowledge of Conjure Flame by Vehumet.
 14482 | D:9      | Killed a two-headed ogre
 14483 | D:9      | Reached XP level 11. HP: 65/65 MP: 8/22
 14559 | D:8      | Learned a level 3 spell: Conjure Flame
 14957 | D:9      | Found a staircase to the Orcish Mines.
 15133 | D:9      | Found Figifrir's Weapon Shoppe.
 15509 | D:9      | Noticed a two-headed ogre
 15539 | D:10     | Entered Level 10 of the Dungeon
 15656 | D:10     | Paralysed by a hornet for 2 turns
 16067 | D:10     | Found a staircase to the Lair.
 16086 | D:10     | Reached skill level 11 in Conjurations
 16161 | Lair:1   | Entered Level 1 of the Lair of Beasts
 16588 | Lair:1   | Noticed a four-headed hydra
 16595 | Lair:1   | Killed a four-headed hydra
 16714 | Lair:1   | Noticed Urug
 16763 | Lair:2   | Found a hole to the Spider Nest.
 16847 | Lair:2   | Identified the +5 long sword of Discord {holy, rF+ rCorr}
 16992 | Lair:2   | Noticed a four-headed hydra
 17090 | Lair:2   | HP: 3/67 [four-headed hydra (4)]
 17090 | Lair:2   | Slain by a four-headed hydra

Illustrated notes

Levels and vault maps discovered:
D:1:      roderic_crossed_star, layout_basic, serial_shops, shop
D:2:      layout_loops_ring, hangedman_glass_teeth, grunt_ministairs_13,
          st_stairs_5, guppyfry_early_orc_mine
D:3:      layout_loops_ring, basic_ecumenical_altar, lexackson_kobold_supper
D:4:      layout_rooms, uniq_sigmund
D:5:      layout_gridville, nicolae_hepliaklqana_monster_ancestors,
          minmay_temple_entry_ruins, minmay_manual_mullet
D:6:      minmay_goblin_kobold_castle, layout_basic
D:7:      layout_basic, uniq_duvessa, uniq_menkaure
D:8:      layout_loops_ring, uniq_pikel, uniq_erica
D:9:      layout_layer_cave, minitemple, mainiacjoe_overflow_alcove_2,
          erik_orc_4, serial_shops, nicolae_shop_advertising_works
          [nicolae_subvault_shop_adworks], kennysheep_small_square,
          uniq_gastronok
D:10:     kennysheep_steamy, layout_basic
Temple:   lightli_temple_of_artemis
Lair:1:   layout_roguey, ebering_ghost_disaster_area, serial_bayou_shore_a,
          uniq_urug
Lair:2:   layout_regular_city, swamp_mist, spider_nest_entry_webs,
          grunt_forest_stairs_basic

Skill      XL: |  1  2  3  4  5  6  7  8  9 10 11 |
---------------+----------------------------------+-----
Dodging        | 3 4 5 6 7 8 |  8.8
Conjurations   | 6 7 8 9 10 11 | 11.4
Spellcasting   | 3 4 5 6 7 |  7.4
Fighting       | 1 2 3 4 6 7 |  7.2
Hexes          | 1 2 3 4 |  4.0
Translocations | 1 2 3 4 |  4.0
Fire Magic     | 1 2 |  2.0
Maces & Flails | 1 2 3 |  3.5
Evocations     | 1 4 |  4.4
Stealth        | |  2.0

Action                   |  1- 3 |  4- 6 |  7- 9 | 10-12 || total
-------------------------+-------+-------+-------+-------++-------
Melee: Unarmed           |     4 |       |       |       ||     4
       Peck              |     2 |       |     3 |     5 ||    10
       Mace              |       |       |    13 |    12 ||    25
       Kick              |       |       |     1 |     4 ||     5
 Cast: Magic Dart        |    65 |    80 |   139 |    68 ||   352
       Searing Ray       |     3 |    19 |    51 |    54 ||   127
       Fulminant Prism   |       |     1 |    25 |    54 ||    80
       Iskenderun's Myst |       |       |     3 |    29 ||    32
       Foxfire           |       |       |     1 |     1 ||     2
 Abil: Evoke Invisibilit |       |       |       |     1 ||     1
Evoke: Wand              |       |       |     3 |     2 ||     5
  Use: Potion            |       |     1 |     1 |     1 ||     3
       Scroll            |       |       |    10 |     7 ||    17
Armor: Robe              |    14 |     5 |    13 |     9 ||    41
Dodge: Dodged            |    35 |    13 |    54 |   102 ||   204

Table legend: (Time is in decaauts)
 A = Elapsed time spent in this place.
 B = Non-inter-level travel time spent in this place.
 C = Inter-level travel time spent in this place.
 D = Time resting spent in this place.
 E = Time spent auto-exploring this place.
 F = Levels seen in this place.
 G = Mean time per level.
                   A        B        C        D        E       F      G
               +--------+--------+--------+--------+--------+-----+--------+
         Total |  16626 |  16184 |    442 |   5417 |   8100 |  13 | 1278.9 |
       Dungeon |  15691 |  15298 |    393 |   5046 |   7808 |  10 | 1569.1 |
        Temple |     37 |     20 |     17 |      0 |      0 |   1 |   37.0 |
          Lair |    898 |    867 |     31 |    371 |    291 |   2 |  449.0 |
               +--------+--------+--------+--------+--------+-----+--------+

Top non-repeatable levels by time:
     D:6: 2773 daAuts
     D:8: 2665 daAuts
     D:5: 1854 daAuts
     D:2: 1521 daAuts
     D:3: 1514 daAuts
     D:7: 1412 daAuts
     D:1: 1171 daAuts
     D:4: 1158 daAuts
     D:9: 1020 daAuts
  Lair:1: 741 daAuts
    D:10: 600 daAuts
  Lair:2: 157 daAuts
  Temple: 37 daAuts
